Unix NetHack Version 5.0.0-0 post-release - last build May  4 2026 22:22:43 (774f63e81ad911689b3a0859ea89b322d5daca8d,branch:main).

Game began 2026-05-06 16:15:28, ended 2026-05-07 05:32:50.

1212459919, neutral female human Barbarian

                                             ---
                                            |..--
                                           --...--
                                    --.|   |.....|
                                   ....|----....--
                                  ...h.|.--.....-
                                  ...@...).......-----
                                  ...G.....-[----%.|.--
                                   ................%...
                                    ........-----......
                                           .    ......
                                                 ....

1212459919 the Bandit      St:18/01 Dx:17 Co:18 In:7 Wi:7 Ch:6  Neutral
Dlvl:8  $:68 HP:0(81) Pw:12(12) AC:-1 Xp:7 T:3873 

Latest messages:
 Are you waiting to get hit?  Use 'm' prefix to force a no-op (to rest).
 Are you waiting to get hit?  Use 'm' prefix to force a no-op (to rest).
 Are you waiting to get hit?  Use 'm' prefix to force a no-op (to rest).
 Are you waiting to get hit?  Use 'm' prefix to force a no-op (to rest).
 You kill the gnome!
 You hear crashing rock.
 You start digging.
 You hit the rock with all your might.
 You stop digging.
 You continue digging.
 You hit the rock with all your might.
 The gnome picks up a dwarvish cloak.
 You stop digging.
 You kill the gnome!
 The dwarf throws a dagger!
 The dagger hits it.
 Wait!  There's something there you can't see!
 You kill it!
 You smite the dwarf.
 You kill the dwarf!
 $ - 34 gold pieces (68 in total).
 The gnome picks up a dwarvish cloak.
 The gnome swings her bow.
 The gnome misses!
 You smite the gnome.
 The gnome swings her bow.
 The gnome hits!
 You kill the gnome!
 An aklys misses you.
 The aklys returns to its hand!
 The dwarf swings his dwarvish mattock.
 The dwarf hits!
 You hear a nearby zap.
 The bolt of cold whizzes by you!
 The gnome lord swings his aklys.
 The gnome lord hits!
 You smite the gnome lord.
 You hear a nearby zap.
 The bolt of cold hits you!
 The gnome lord swings his aklys.
 The gnome lord misses!
 You smite the gnome lord.
 You hear a nearby zap.
 The bolt of cold hits you!
 You die...
 Do you want your possessions identified? [ynq] (y) y
 Do you want to see your attributes? [ynq] (y) y
 Do you want an account of creatures vanquished? [ynaq] (y) y
 Do you want to see your conduct and achievements? [ynq] (y) y
 Do you want to see the dungeon overview? [ynq] (y) y

Inventory:
 Coins    ('$')
  $ - 68 gold pieces
 Weapons  (')')
  o - 2 +0 daggers
  e - a +0 aklys
  f - a +0 scimitar
  a - a +0 two-handed sword
 Armor    ('[')
  b - an uncursed +0 orcish helm (being worn)
  t - an uncursed +0 pair of iron shoes (being worn)
  p - a blessed +2 dwarvish cloak (being worn)
  x - a cursed +0 dwarvish mithril-coat (being worn)
 Scrolls  ('?')
  k - a cursed scroll of identify
 Potions  ('!')
  c - an uncursed potion of object detection
  j - an uncursed potion of sickness
 Tools    ('(')
  i - an uncursed brass lantern (lit)
  g - an uncursed oil lamp
  d - a +0 pick-axe (weapon in right hand)
  h - an uncursed tallow candle

1212459919 the Barbarian's attributes:

Background:
 You were a Bandit, a level 7 female human Barbarian.
 You were neutral, on a mission for Crom
 who was opposed by Mitra (lawful) and Set (chaotic).
 You were right-handed.
 You were in the Gnomish Mines, on level 8.
 You entered the dungeon 3873 turns ago.
 It was nighttime.
 You had 1131 experience points, 149 more were needed to attain level 8.

Basics:
 You had 0 out of 81 hit points.
 You had all 12 energy points (spell power).
 Your armor class was -1.
 Your wallet contained 68 zorkmids.
 Autopickup was off.

Final Characteristics:
 Your strength was 18/01 (limit:18/100).
 Your dexterity was 17 (peak:18, limit:18).
 Your constitution was 18 (limit:18).
 Your intelligence was 7 (limit:18).
 Your wisdom was 7 (limit:18).
 Your charisma was 6 (limit:18).

Final Status:
 You weren't hungry.
 You were unencumbered.
 You were wielding a pick-axe.
 You were unskilled in pick-axe.

Final Attributes:
 You were piously aligned.
 Your items were somewhat protected from fire.
 Your items were somewhat protected from cold.
 You were poison resistant.
 You were guarded.
 You were fast.
 You are dead.

Miscellaneous:
 You didn't encounter any bones levels.
 Total elapsed playing time was 3 hours, 42 minutes and 44 seconds.

Major events:
 Turn
    1: 1212459919 the neutral female human Barbarian entered the dungeon
 1023: entered the Gnomish Mines
 1097: attained the rank of Pillager (level 3)
 1905: attained the rank of Bandit (level 6)
 2189: reached Mine Town
 3873: killed by a bolt of cold zapped by a gnome lord

You didn't know any spells.

Skills:
 Fighting Skills
   bare handed combat [Basic]
   two weapon combat  [Unskilled]
   riding             [Unskilled]
 Weapon Skills
   dagger             [Unskilled]
   axe                [Basic]
   pick-axe           [Unskilled]
   short sword        [Unskilled]
   broadsword         [Unskilled]
   long sword         [Unskilled]
   two-handed sword   [Basic]
   saber              [Unskilled]
   club               [Unskilled]
   mace               [Unskilled]
   morning star       [Unskilled]
   flail              [Unskilled]
   hammer             [Unskilled]
   quarterstaff       [Unskilled]
   spear              [Unskilled]
   trident            [Unskilled]
   bow                [Unskilled]
 Spellcasting Skills
   attack spells      [Unskilled]
   escape spells      [Unskilled]

Voluntary challenges:
 Character rerolling was not enabled.
 You never genocided any monsters.
 You never polymorphed an object.
 You never changed form.
 You used no wishes.
Achievements:
 You entered the Gnomish Mines.
 You attained the rank of Pillager.
 You attained the rank of Bandit.
 You entered Minetown.
 You entered a shop.
 You entered a temple.

 The Dungeons of Doom: levels 1 to 5
    Level 1:
    Level 2:
       A fountain, a grave.
    Level 3:
       A sink.
       Stairs down to The Gnomish Mines.
    Level 4:
       A fountain.
    Level 5:
 The Gnomish Mines: levels 4 to 8
    Level 4:
    Level 5:
    Level 6:
    Level 7:
       Many shops, a temple and an altar, many fountains.
    Level 8: <- You were here.
       Final resting place for
          you, killed by a bolt of cold zapped by a gnome lord.


Vanquished creatures:
  a large mimic
  a wolf
  a leprechaun
 an orc mummy
  5 lizards
  a jaguar
  2 apes
  a rock piercer
  a pony
  6 gnome leaders
  2 gnomish wizards
  4 elf zombies
  a ghoul
  a giant ant
  a little dog
  a floating eye
 10 dwarves
  a homunculus
  a kobold shaman
  6 hill orcs
  2 giant bats
  a wererat
  2 iguanas
  a hobbit
  a manes
  a red mold
 37 gnomes
  2 geckos
  a jackal
  a kobold
  3 goblins
  a sewer rat
  4 grid bugs
  3 lichens
  9 newts
117 creatures vanquished.

No species were genocided or became extinct.

Game over:
                       ----------
                      /          \
                     /    REST    \
                    /      IN      \
                   /     PEACE      \
                  /                  \
                  |    1212459919    |
                  |      68 Au       |
                  | killed by a bolt |
                  |  of cold zapped  |
                  | by a gnome lord  |
                  |                  |
                  |       2026       |
                 *|     *  *  *      | *
        _________)/\\_//(\/(/\)/\//\/|_)_______

Goodbye 1212459919 the Barbarian...

You died in The Gnomish Mines on dungeon level 8 with 4936 points,
and 68 pieces of gold, after 3873 moves.
You were level 7 with a maximum of 81 hit points when you died.

